AoeStats
← kmper

African Clearing

511028707Analyzed
4v4 RM · 6h ago on Oct 3, 2026· 55m 3s· 8 players
Game mode
Random Map
Map size
Large (8 player)
Population
200
Speed
Normal
Resources
Standard
Victory
Conquest
Starting age
Dark Age
Ending age
Imperial Age
RankedLock teamsTeams togetherTeam positionsShared explorationLock speedFull tech treeHidden civsTurbo modeCheats
Victory
Defeat
🇨🇦 Bohemians · Canada
966
+14
🇨🇳 Varangians · China
921
+16
🇦🇷 Franks · Argentina
886
+18
🇨🇳 Franks · China
882
+18
🇨🇳 Magyars · China
973
-50
🇨🇳 Lithuanians · China
948
-17
🇦🇷 Huns · Argentina
930
-17
🇨🇳 Britons · China
837
-13
smoke
17:30 Feudal Age
20:10 Horse Collar
20:18 Double-Bit Axe
25:07 Castle Age
26:28 Bow Saw
27:29 Heavy Plow
33:27 Wheelbarrow
39:31 Imperial Age
39:39 Imperial Age
37:26 Hand Cart
39:02 Loom
39:03 Town Watch
39:46 Yeomen
39:31 Padded Archer Armor
39:22 Fletching
39:48 Elite Longbowman
40:56 Conscription
43:33 Chemistry
42:54 Ballistics
42:52 Leather Archer Armor
42:32 Bodkin Arrow
43:26 Town Patrol
44:28 Bodkin Arrow
45:19 Bracer
47:04 Murder Holes
47:23 Masonry
47:52 Ring Archer Armor
47:35 Masonry
51:02 Architecture
51:12 Hoardings
51:18 Scale Mail Armor
51:28 Forging
50:43 Man-at-Arms
51:10 Gambesons
51:05 Pikeman
emanuelmugna
10:08 Loom
11:53 Feudal Age
12:58 Double-Bit Axe
15:21 Bloodlines
16:10 Forging
16:38 Scale Barding Armor
23:09 Castle Age
24:08 Bow Saw
38:50 Wheelbarrow
38:56 Fletching
40:40 Bodkin Arrow
41:32 Padded Archer Armor
钢的根
7:49 Loom
15:34 Feudal Age
19:49 Castle Age
18:16 Double-Bit Axe
19:16 Gold Mining
20:29 Scale Barding Armor
24:11 Forging
30:01 Bow Saw
29:34 Horse Collar
30:20 Husbandry
30:36 Bloodlines
34:45 Coinage
36:51 Chain Barding Armor
39:41 Iron Casting
kmper
18:17 Feudal Age
18:50 Double-Bit Axe
19:20 Horse Collar
23:49 Castle Age
21:48 Loom
27:43 Heavy Plow
28:46 Bow Saw
29:56 Pikeman
34:03 Stone Mining
37:22 Gold Mining
40:12 Imperial Age
38:21 Wheelbarrow
39:52 Ballistics
39:28 Murder Holes
40:13 Fletching
40:29 Scale Barding Armor
40:25 Padded Archer Armor
41:00 Bodkin Arrow
41:48 Parthian Tactics
40:44 Heavy Cavalry Archer
41:31 Thumb Ring
42:34 Two-Man Saw
42:29 Husbandry
42:40 Bloodlines
41:52 Light Cavalry
43:47 Gold Shaft Mining
43:16 Bracer
43:37 Chain Barding Armor
43:53 Leather Archer Armor
44:52 Recurve Bow
45:34 Conscription
46:43 Ring Archer Armor
48:25 Chemistry
49:16 Corvinian Army
Too Many Monks
5:45 Loom
15:11 Feudal Age
22:11 Castle Age
26:41 Wheelbarrow
32:27 Pikeman
39:29 Imperial Age
36:57 Double-Bit Axe
37:17 Horse Collar
40:15 Chemistry
39:46 Forging
41:06 Ballistics
40:54 Siphons
40:49 Murder Holes
41:23 Fletching
42:13 Halberdier
42:26 Elite Hussite Wagon
46:41 Bow Saw
46:35 Heavy Plow
49:58 Wagenburg Tactics
50:04 Houfnice
50:42 Elite Skirmisher
yijj
6:41 Loom
15:52 Feudal Age
18:42 Horse Collar
21:32 Castle Age
19:49 Double-Bit Axe
21:01 Gold Mining
21:05 Stone Mining
23:48 Bow Saw
25:41 Wheelbarrow
33:03 Hand Cart
33:37 Town Watch
38:07 Imperial Age
36:47 Scale Barding Armor
36:52 Forging
37:09 Bloodlines
36:59 Husbandry
37:06 Scale Mail Armor
38:11 Stone Shaft Mining
37:38 Heavy Plow
38:58 Iron Casting
38:37 Town Patrol
38:40 Devotion
39:55 Elite Jarl
41:15 Chain Barding Armor
42:01 Conscription
42:45 Blast Furnace
42:29 Cranequins
44:43 Plate Barding Armor
44:01 Fletching
44:12 Padded Archer Armor
48:51 Heavy Mounted Crossbowman
49:59 Leather Archer Armor
49:39 Bodkin Arrow
51:39 Ring Archer Armor
Inferno-_-
14:51 Feudal Age
15:47 Loom
16:59 Forging
19:37 Scale Barding Armor
25:09 Castle Age
29:05 Pikeman
35:45 Double-Bit Axe
44:26 Wheelbarrow
46:32 Imperial Age
45:08 Bow Saw
44:51 Gold Mining
44:52 Stone Mining
45:39 Iron Casting
45:24 Chain Barding Armor
47:36 Gold Shaft Mining
47:50 Conscription
47:32 Chivalry
46:55 Cavalier
47:37 Husbandry
49:07 Plate Barding Armor
49:33 Blast Furnace
48:39 Paladin
55:41 Chemistry
55:02 Ballistics
牛阿牛阿
14:32 Feudal Age
19:31 Castle Age
19:37 Double-Bit Axe
29:03 Bow Saw
36:21 Imperial Age
35:08 Wheelbarrow
36:32 Fishing Lines
37:53 Hand Cart
38:07 Scale Barding Armor
38:42 Gillnets
41:20 Gold Mining
41:23 Stone Mining
42:44 Cavalier
43:48 Chain Barding Armor
43:38 Forging
43:58 Husbandry
44:43 Conscription
44:25 Chivalry
44:08 Paladin
45:48 Gold Shaft Mining
46:13 Plate Barding Armor
46:14 Iron Casting
49:17 Blast Furnace
Connection lost

Rejoining the realm…

Still unreachable

The connection could not be restored.

Session expired

The server has moved on; the page needs a fresh start.